 Dungeon Crawl Stone Soup version 0.21.0-3-g78d12a8 (webtiles) character file.

22750 Mgcat the Severer (level 13, -1/151 HPs)
             Began as a Human Berserker on Jan 8, 2018.
             Was an Elder of Trog.
             Slain by an ice devil (7 damage)
             ... on level 3 of the Lair of Beasts on Jan 10, 2018.
             The game lasted 01:12:01 (16501 turns).

Mgcat the Severer (Human Berserker)                Turns: 16501, Time: 01:12:01

Health: -1/151     AC: 16    Str: 23    XL:     13   Next: 30%
Magic:  19/19      EV:  8    Int:  9    God:    Trog [****..]
Gold:   685        SH:  3    Dex: 16    Spells: 12/12 levels left

rFire    . . .     SeeInvis .   G - +4 battleaxe (vamp)
rCold    + + .     Gourm    .   (shield currently unavailable)
rNeg     . . .     Faith    .   D - +2 plate armour
rPois    .         Spirit   .   p - +0 hat
rElec    .         Reflect  +   B - scarf {repulsion}
rCorr    .         Harm     .   (no gloves)
MR       ++...                  (no boots)
Stlth    ..........             N - +3 amulet of reflection
HPRegen  1.35/turn              x - ring of protection from cold
MPRegen  0.16/turn              L - ring of protection from cold

@: berserking, regenerating, repel missiles, very quick
A: no striking features
a: Berserk, Trog's Hand, Brothers in Arms, Burn Spellbooks, Renounce Religion


You were on level 3 of the Lair of Beasts.
You worshipped Trog.
Trog was greatly pleased with you.
You were not hungry.

You visited 2 branches of the dungeon, and saw 14 of its levels.

You collected 685 gold pieces.

Inventory:

Hand Weapons
 e - a +4 morningstar
 G - a +4 vampiric battleaxe (weapon)
 T - a +1 spear of flaming
Armour
 p - a +0 hat (worn)
 B - a scarf of repulsion (worn)
 D - a +2 plate armour (worn)
Jewellery
 o - an uncursed ring of fire
 s - an uncursed ring of positive energy
 x - a ring of protection from cold (left hand)
 L - a ring of protection from cold (right hand)
 N - a +3 amulet of reflection (around neck)
Wands
 j - a wand of random effects (24)
 v - a wand of disintegration (11)
 C - a wand of acid (22)
 E - a wand of polymorph (18)
 J - a wand of flame (83)
 P - a wand of paralysis (17)
Scrolls
 a - 4 scrolls of remove curse
 h - 8 scrolls of identify
 q - 4 scrolls of teleportation
 u - 2 scrolls of enchant armour
Potions
 b - 2 potions of agility
 g - 6 potions of curing
 i - 7 potions of might
 n - 2 potions of resistance
 r - 2 potions of invisibility
 A - a potion of haste
Miscellaneous
 F - a phial of floods
 H - a phantom mirror
 V - a box of beasts
Comestibles
 c - 28 rations


   Skills:
 + Level 9.5 Fighting
 + Level 15.0 Axes
 + Level 9.2 Armour
 - Level 2.0 Dodging
 - Level 8.0 Evocations


You had 12 spell levels left.
You didn't know any spells.

Dungeon Overview and Level Annotations

Branches:
Dungeon (11/15)            Temple (0/1) D:4            Lair (3/6) D:10
  Swamp (0/4) Lair:2        Snake (0/4) Lair:3          Orc (0/2) D:11

Altars:
Cheibriados
Dithmenos
Gozag
Okawaru
Qazlal
Ru
Sif Muna
Yredelemnul

Shops:
D:6 =   D:8 *   D:11 }

Portals:
Ice
Cave: Lair:3

Annotations:
D:11 Erolcha
Lair:1 exclusion: oklob plant


Message History

A red film seems to cover your vision as you go berserk!
You feel yourself moving faster!
You feel mighty!
You feel a lot more hungry. The ice devil closely misses you.
The ice devil hits you but does no damage.
You completely miss the ice devil.
The ice devil is heavily wounded.
You slash the ice devil!
The ice devil hits you but does no damage.
You slice the ice devil!!
You kill the ice devil!
Trog accepts your kill.
You slice the ice devil!!
You feel the effects of Trog's Hand fading.
The ice devil hits you but does no damage.
Your plate armour prevents you from hitting the ice devil.
The ice devil is almost dead.
The ice devil hits you.
* * * LOW HITPOINT WARNING * * *
The ice devil freezes you! You resist.
You die...

*,,*,,,*,+,####........##
**,,,*,*,*,...P......<..#
*,,,*,*,*,.............#
**,,,,,,***,.+........P#
**,,**,**,,*#........##
*,,********###P.P####
**+*###*** #....#*
*,,*#...,*###4.#..#**
**,*#....##.'@##....#
*,,*#∩......#####.###
**,*#....##.+,,,*+#***
*****,*#.[.,*###,,,,,,,,***
**,*,,*###*** *,,,,,,,,,,*
,,,,,,** *,,,,,,,,***
*****,,* **,,,,,,,,,* *,,*
***,,,,,,,,,,* *,**
*,**,,,,,,,,,*


You could see an ice devil.

Vanquished Creatures
  Gastronok (D:11)
  The ghost of skk the Cleaver, a journeyman DsFi of Okawaru (D:11)
  An ice dragon (Lair:2)
  A hydra (Lair:1)
  6 two-headed ogres
  3 death yaks
  The ghost of BonusName the Blocker, a novice MiFi of the Shining One (D:8)
  An ugly thing (D:11)
  Psyche (D:8)
  A spiny frog (Lair:2)
  A rime drake (Lair:1)
  A komodo dragon (Lair:2)
  An ice devil (Lair:3)
  A troll (D:11)
  2 polar bears (Lair:2)
  3 hippogriffs
  3 blink frogs (Lair:2)
  Prince Ribbit (D:8)
  Sigmund (D:2)
  2 wyverns
  A wraith (D:7)
  A basilisk (Lair:2)
  5 yaks (D:11)
  3 hungry ghosts
  An acid dragon (D:11)
  6 water moccasins
  4 porcupines
  2 ice beasts
  5 orc warriors
  2 phantoms
  3 sky beasts
  A black bear (D:7)
  4 centaurs
  A necrophage (D:5)
  11 wolves (Lair:1)
  7 ogres
  4 crocodiles
  3 big kobolds
  11 bullfrogs
  A gnoll sergeant (D:6)
  A scorpion (D:6)
  The ghost of komo4ek the Shooter, a weakling CeHu (D:3)
  3 killer bees (D:11)
  A wight (D:7)
  An electric eel (Lair:2)
  5 crimson imps
  A centaur zombie (D:7)
  4 jellies
  10 orc wizards
  3 orc priests
  2 hounds
  4 centaur skeletons
  Natasha (thrice) (D:2)
  A bullfrog skeleton (D:7)
  A gnoll shaman (D:4)
  2 iguanas
  9 worker ants
  2 hound zombies
  3 hound skeletons
  A howler monkey zombie (D:11)
  9 gnolls
  13 adders
  A shadow imp (D:6)
  3 oozes
  An adder zombie (D:6)
  2 worms
  A dart slug (D:1)
  2 leopard geckos
  33 orcs
  A ball python (D:2)
  8 bats
  8 giant cockroaches
  4 hobgoblins
  2 jackals (D:7)
  13 kobolds
  3 quokkas
  5 frilled lizards
  A giant cockroach zombie (D:2)
  2 gnoll zombies (D:8)
  13 goblins
  A jackal zombie (D:6)
  A leopard gecko skeleton (D:6)
  A quokka skeleton (D:4)
  A quokka zombie (D:7)
  3 rats
  5 fungi (D:10)
304 creatures vanquished.

Vanquished Creatures (others)
  3 fungi
  5 plants
8 creatures vanquished.

Grand Total: 312 creatures vanquished

Notes
Turn   | Place    | Note
-------+----------+-------------------------------------------
     0 | D:1      | Mgcat the Human Berserker began the quest for the Orb.
     0 | D:1      | Reached XP level 1. HP: 18/18 MP: 1/1
   211 | D:1      | Reached XP level 2. HP: 22/24 MP: 2/2
   749 | D:1      | Reached skill level 4 in Axes
   749 | D:1      | Reached XP level 3. HP: 29/29 MP: 3/3
   808 | D:2      | Noticed Natasha
   814 | D:2      | Killed Natasha
   814 | D:2      | Reached XP level 4. HP: 29/35 MP: 4/4
   969 | D:2      | Reached ** piety under Trog
  1184 | D:2      | Reached skill level 5 in Axes
  1211 | D:2      | Noticed Natasha
  1221 | D:2      | Killed Natasha
  1221 | D:2      | Reached XP level 5. HP: 9/41 MP: 5/5
  1376 | D:2      | Noticed Natasha
  1382 | D:2      | Killed Natasha
  1516 | D:2      | Noticed Sigmund
  1532 | D:2      | Killed Sigmund
  1532 | D:2      | Reached skill level 6 in Axes
  1532 | D:2      | Reached XP level 6. HP: 30/47 MP: 6/6
  1876 | D:3      | Noticed komo4ek's ghost (weakling CeHu)
  1984 | D:3      | Reached skill level 7 in Axes
  2554 | D:3      | Killed komo4ek's ghost
  2554 | D:3      | Reached XP level 7. HP: 52/52 MP: 7/7
  3068 | D:4      | Reached skill level 8 in Axes
  3120 | D:4      | Found a staircase to the Ecumenical Temple.
  3367 | D:4      | Reached *** piety under Trog
  3662 | D:4      | Found a faded altar of an unknown god.
  3662 | D:4      | Found an iron altar of Okawaru.
  3674 | D:4      | Found a faded altar of an unknown god.
  3676 | D:4      | Found a shadowy altar of Dithmenos.
  3678 | D:4      | Found a snail-covered altar of Cheibriados.
  3743 | D:5      | Entered Level 5 of the Dungeon
  4170 | D:5      | Reached XP level 8. HP: 54/58 MP: 8/8
  4274 | D:5      | Reached skill level 9 in Axes
  4984 | D:5      | Found an iron altar of Okawaru.
  5200 | D:6      | Reached skill level 10 in Axes
  5807 | D:6      | Reached XP level 9. HP: 38/63 MP: 9/9
  5955 | D:6      | Found Ostrewa's Jewellery Boutique.
  6105 | D:6      | Reached skill level 11 in Axes
  6667 | D:6      | Found a stormy altar of Qazlal.
  6788 | D:6      | Reached skill level 12 in Axes
  7120 | D:7      | Noticed a hippogriff
  7153 | D:7      | Killed a hippogriff
  7213 | D:7      | Found a deep blue altar of Sif Muna.
  7439 | D:7      | Reached XP level 10. HP: 61/70 MP: 10/10
  7513 | D:7      | Reached skill level 1 in Evocations
  7855 | D:7      | Reached skill level 13 in Axes
  7921 | D:7      | Found an opulent altar of Gozag.
  7996 | D:8      | Noticed a two-headed ogre
  8009 | D:8      | Killed a two-headed ogre
  8118 | D:8      | Noticed a two-headed ogre
  8139 | D:8      | HP: 5/109 [two-headed ogre/giant spiked club (14)]
  8141 | D:8      | Killed a two-headed ogre
  8141 | D:8      | Reached skill level 5 in Fighting
  8527 | D:8      | Noticed Prince Ribbit
  8557 | D:8      | Killed Prince Ribbit
  8704 | D:8      | Reached XP level 11. HP: 71/80 MP: 14/14
  8744 | D:8      | Found a sacrificial altar of Ru.
  8771 | D:8      | Found a shadowy altar of Dithmenos.
  8805 | D:8      | Reached **** piety under Trog
  8856 | D:8      | Noticed a two-headed ogre
  8866 | D:8      | Killed a two-headed ogre
  8866 | D:8      | Reached skill level 5 in Armour
  9118 | D:8      | Noticed BonusName's ghost (novice MiFi)
  9154 | D:8      | Killed BonusName's ghost
  9154 | D:8      | Reached skill level 5 in Evocations
  9290 | D:8      | Found Ivviwohe's Assorted Antiques.
  9342 | D:8      | Noticed Psyche
  9349 | D:8      | Killed Psyche
  9408 | D:8      | Found a basalt altar of Yredelemnul.
  9793 | D:9      | Noticed a two-headed ogre
  9810 | D:9      | Killed a two-headed ogre
 10602 | D:10     | Entered Level 10 of the Dungeon
 10933 | D:10     | Found a staircase to the Lair.
 11612 | D:11     | Found Higha's Gadget Emporium.
 11652 | D:11     | Reached skill level 14 in Axes
 11755 | D:11     | Noticed Gastronok
 11768 | D:11     | Noticed skk's ghost (journeyman DsFi)
 11771 | D:11     | Killed Gastronok
 11771 | D:11     | Reached XP level 12. HP: 91/91 MP: 16/16
 11801 | D:11     | HP: 1/91 [skk's ghost (13)]
 11803 | D:11     | Killed skk's ghost
 12197 | D:11     | Noticed a two-headed ogre
 12211 | D:11     | Killed a two-headed ogre
 12317 | D:11     | Noticed a two-headed ogre
 12322 | D:11     | Killed a two-headed ogre
 12626 | D:11     | Found a staircase to the Orcish Mines.
 12681 | D:11     | Noticed Erolcha
 12703 | D:11     | HP: 4/92 [Erolcha/giant club (8)]
 13315 | Lair:1   | Entered Level 1 of the Lair of Beasts
 14050 | Lair:1   | Noticed a four-headed hydra
 14064 | Lair:1   | Killed a four-headed hydra
 15269 | Lair:2   | Reached XP level 13. HP: 74/99 MP: 19/19
 15631 | Lair:2   | Found a staircase to the Swamp.
 15794 | Lair:2   | Noticed a four-headed hydra
 15802 | Lair:2   | Noticed an ice dragon
 15802 | Lair:2   | a four-headed hydra changed into an ice dragon
 15813 | Lair:2   | Killed an ice dragon
 16416 | Lair:2   | Reached skill level 15 in Axes
 16482 | Lair:3   | Found a frozen archway.
 16497 | Lair:3   | HP: 3/101 [ice devil (7)]
 16501 | Lair:3   | Slain by an ice devil

Skill      XL: |  1  2  3  4  5  6  7  8  9 10 11 12 13 |
---------------+----------------------------------------+-----
Axes           | 4 5 6 7 8 10 12 13 14 15 | 15.0
Evocations     | 4 6 8 |  8.0
Armour         | 4 7 8 9 |  9.2
Fighting       | 5 7 8 9 |  9.5
Dodging        | |  2.0

Action                   |  1- 3 |  4- 6 |  7- 9 | 10-12 | 13-15 || total
-------------------------+-------+-------+-------+-------+-------++-------
Melee: Hand axe          |    76 |   181 |    85 |       |       ||   342
       War axe           |       |       |    71 |       |       ||    71
       Battleaxe         |       |       |   221 |   605 |    74 ||   900
       Unarmed           |       |       |    11 |       |       ||    11
       Spear             |       |       |       |     7 |       ||     7
Invok: Berserk           |       |     4 |    10 |    14 |     3 ||    31
       Burn Spellbooks   |       |     1 |       |     3 |       ||     4
       Trog's Hand       |       |     4 |     8 |    16 |     3 ||    31
Evoke: Wand              |       |       |       |     6 |     5 ||    11
  Use: Scroll            |       |       |    10 |    22 |     3 ||    35
       Potion            |       |       |       |     7 |       ||     7
 Stab: Distracted        |       |       |       |       |     1 ||     1
  Eat: Chunk             |       |     9 |    23 |    30 |     1 ||    63
       Ration            |       |       |     8 |     6 |     2 ||    16
Armor: Ring mail         |    24 |       |       |       |       ||    24
       Scale mail        |       |    87 |    27 |       |       ||   114
       Plate armour      |       |       |   188 |   278 |    57 ||   523
Dodge: Dodged            |    48 |    96 |   144 |   184 |    24 ||   496
       Deflected         |       |       |     5 |     9 |       ||    14
Block: Other             |       |       |       |    18 |    14 ||    32
